 Dungeon Crawl Stone Soup version 0.31-a0-177-g4aa6249778 (webtiles) character file.

Game seed: 9425115638045432696

667 qw the Shooter (level 7, -6/66 HPs)
             Began as a Naga Hunter on June 18, 2023.
             Mangled by a gnoll sergeant
             ... wielding a +0 spear
              (9 damage)
             ... on level 4 of the Dungeon.
             The game lasted 00:01:15 (2858 turns).

qw the Shooter (Naga Hunter)                        Turns: 2858, Time: 00:01:16

Health: -6/66      AC:  5    Str: 14    XL:     7   Next: 57%
Magic:  7/7        EV: 10    Int:  9    God:
Gold:   245        SH:  0    Dex: 16    Spells: 6/6 levels left

rFire   . . .        Y - +4 shortbow (flame)
rCold   . . .        (shield currently unavailable)
rNeg    . . .        c - +0 leather armour
rPois   +            e - +1 helmet
rElec   .            (no cloak)
rCorr   .            (no gloves)
SInv    +            (no barding)
Will    .....        (no amulet)
Stlth   ++           (no ring)
HPRegen 0.31/turn    (no ring)
MPRegen 0.10/turn

%: no passive effects
@: very slow
A: AC +2, large, see invisible, deformed body, poison resistance, slowness 2,
spit poison 1, naga tail 1
a: Spit Poison


You were on level 4 of the Dungeon.
You visited 1 branch of the dungeon, and saw 4 of its levels.

You collected 245 gold pieces.


Innate Abilities, Weirdness & Mutations

Your serpentine skin is tough. (AC +2)
You have supernaturally acute eyesight. (SInv)
Armour fits poorly on your strangely shaped body.
Your system is resistant to poisons. (rPois)
You cover ground very slowly.
You can spit poison.
You have a snake-like lower body.


   Skills:
 - Level 4.5 Fighting
 + Level 7.1 Ranged Weapons
 - Level 2.0 Dodging
 - Level 1.5 Stealth


You had 6 spell levels left.
You didn't know any spells.
Your spell library was empty.

Inventory:

Hand Weapons
 Y - a +4 shortbow of flaming (weapon)
Armour
 c - a +0 leather armour (worn)
 e - a +1 helmet (worn)
Scrolls
 b - a scroll of fear {unknown}
 i - a scroll of vulnerability {unknown}
Potions
 a - a potion of invisibility {unknown}
 d - 3 potions of curing
 f - a potion of enlightenment
 g - 2 potions of berserk rage {unknown}
 h - a potion of cancellation {unknown}

Dungeon Overview and Level Annotations

Branches:
Dungeon (4/15)
 Temple: D:4-7

Altars:
Ashenzari
Fedhas
Ru
Wu Jian

Annotations:
D:4 1 runed translucent door, qw's ghost, amateur GrFi


Message History

The gnoll hits you with a +0 whip. The gnoll sergeant barely misses you.
The gnoll hits you but does no damage.
You shoot an arrow. The arrow closely misses the gnoll.
The arrow barely misses the gnoll.
The gnoll closely misses you.
The gnoll sergeant hits you from afar with a +0 spear.
The gnoll barely misses you.
You shoot an arrow. The arrow hits the gnoll.
The arrow burns the gnoll.
You kill the gnoll!
You have got your breath back.
The gnoll sergeant looks more healthy.
The gnoll barely misses you.
The gnoll sergeant completely misses you.
2854 ||| INVOKING Spit Poison.
Aiming: Spit Poison (1% risk of failure)
Press: ? - help, Shift-Dir - straight line, f - gnoll sergeant The splash of poison hits the gnoll sergeant.
The gnoll sergeant is poisoned.
The gnoll sergeant is lightly wounded.
The gnoll sergeant hits you from afar with a +0 spear!
The gnoll closely misses you.
You shoot an arrow. The arrow hits the gnoll sergeant.
The arrow burns the gnoll sergeant.
The gnoll sergeant is moderately wounded.
The gnoll hits you from afar with a +0 spear.
The gnoll sergeant hits you from afar with a +0 spear.
You shoot an arrow.
The arrow closely misses the gnoll sergeant.
The gnoll sergeant hits you from afar with a +0 spear.
The gnoll closely misses you.
You shoot an arrow. The arrow hits the gnoll sergeant.
The arrow burns the gnoll sergeant.
The gnoll sergeant is severely wounded.
The gnoll hits you from afar with a +0 spear.
The gnoll sergeant hits you from afar with a +0 spear.
You shoot an arrow.
The arrow closely misses the gnoll sergeant.
You have got your breath back.
The gnoll closely misses you.
The gnoll sergeant hits you from afar with a +0 spear!
You die...

##.##.##.........................
................................#
................................>
##.##..#.#.########...#####......
#.##......# ##......# #......
##.##......####.......#####......
...........##....................
...........#~~~~.~~~~.#####...##.
.(.........#~##~@~##~.# #...##.
....<.......~ ##)###~.#####......
............~~ gg.#~~............
...!...#.#..~~#...#~~#..###...#>.
.......#.#..~ #.$.#~~##...#......
............~ ######~...........#
............~##~~ #~............
......####..~~~~~~~~~............
#####'#####.<...#########.#.(...#


You could see a gnoll sergeant (poisoned) and a gnoll.

Vanquished Creatures
  A black bear (D:4)
  An ogre (D:4)
  2 scorpions (D:4)
  2 hounds (D:4)
  2 orc priests
  An iguana (D:4)
  Robin (D:2)
  8 adders
  6 gnolls (D:4)
  A worm (D:2)
  A dart slug (D:2)
  7 orcs
  4 ball pythons
  2 endoplasms (D:3)
  5 giant cockroaches
  17 goblins
  10 hobgoblins
  4 jackals (D:2)
  6 kobolds
  4 quokkas
  2 bats
  4 frilled lizards
  2 rats
93 creatures vanquished.

Notes
Turn   | Place    | Note
-------+----------+-------------------------------------------
     0 | D:1      | qw the Naga Hunter began the quest for the Orb.
     0 | D:1      | Reached XP level 1. HP: 19/19 MP: 1/1
     0 | D:1      | 0 ||| qw: Version: 0.3-a-5-g6f28e65
     0 | D:1      | 0 ||| qw: Game counter: 542
     0 | D:1      | 0 ||| qw: Always use a shield: true
     0 | D:1      | 0 ||| qw: God list: Okawaru
     0 | D:1      | 0 ||| qw: Allow faded altars: false
     0 | D:1      | 0 ||| qw: Do Orc after D:15 true
     0 | D:1      | 0 ||| qw: Do second Lair branch before Depths: true
     0 | D:1      | 0 ||| qw: Lair rune preference: random
     0 | D:1      | 0 ||| qw: Plans: Normal
     0 | D:1      | 0 ||| PLANNING D:1-11
    12 | D:1      | 12 ||| INVOKING Spit Poison.
    16 | D:1      | 16 ||| INVOKING Spit Poison.
    17 | D:1      | 17 ||| INVOKING Spit Poison.
    26 | D:1      | 26 ||| FLEEEEING.
    27 | D:1      | 27 ||| FLEEEEING.
    34 | D:1      | 34 ||| INVOKING Spit Poison.
   100 | D:1      | 100 ||| INVOKING Spit Poison.
   116 | D:1      | 116 ||| INVOKING Spit Poison.
   132 | D:1      | Reached skill level 4 in Ranged Weapons
   132 | D:1      | Reached XP level 2. HP: 26/26 MP: 2/2
   146 | D:1      | Found a faded altar of an unknown god.
   278 | D:1      | 278 ||| INVOKING Spit Poison.
   284 | D:1      | 284 ||| INVOKING Spit Poison.
   285 | D:1      | 285 ||| INVOKING Spit Poison.
   288 | D:1      | 288 ||| INVOKING Spit Poison.
   303 | D:1      | 303 ||| INVOKING Spit Poison.
   350 | D:1      | 350 ||| INVOKING Spit Poison.
   355 | D:1      | 355 ||| INVOKING Spit Poison.
   467 | D:1      | 467 ||| DROPPING ring of magical power.
   468 | D:1      | 468 ||| READING 2 scrolls labelled SAMAYTUMOR.
   469 | D:1      | 469 ||| READING scroll of brand weapon.
   469 | D:1      | 469 ||| BRANDING +0 shortbow of freezing.
   470 | D:1      | 470 ||| READING scroll labelled REVEIPHURE.
   471 | D:1      | 471 ||| DRINKING 2 blue potions.
   472 | D:1      | 472 ||| DROPPING scroll of butterflies.
   490 | D:2      | 490 ||| INVOKING Spit Poison.
   496 | D:2      | 496 ||| INVOKING Spit Poison.
   537 | D:2      | 537 ||| INVOKING Spit Poison.
   543 | D:2      | Reached XP level 3. HP: 29/32 MP: 3/3
   585 | D:2      | 585 ||| READING scroll labelled MACYORCH ZIMIKKYT.
   586 | D:2      | 586 ||| READING scroll labelled YMIPIS ITTU.
   588 | D:2      | 588 ||| INVOKING Spit Poison.
   596 | D:2      | 596 ||| INVOKING Spit Poison.
   600 | D:2      | 600 ||| INVOKING Spit Poison.
   605 | D:2      | 605 ||| INVOKING Spit Poison.
   609 | D:2      | 609 ||| INVOKING Spit Poison.
   628 | D:2      | 628 ||| READING scroll of enchant weapon.
   628 | D:2      | 628 ||| ENCHANTING +1 shortbow of flaming.
   666 | D:2      | Reached skill level 5 in Ranged Weapons
   688 | D:2      | Found a broken altar of Ashenzari.
   693 | D:2      | Reached XP level 4. HP: 39/39 MP: 4/4
   695 | D:2      | 695 ||| INVOKING Spit Poison.
   722 | D:2      | 722 ||| INVOKING Spit Poison.
   727 | D:2      | 727 ||| INVOKING Spit Poison.
   731 | D:2      | 731 ||| INVOKING Spit Poison.
   737 | D:2      | 737 ||| INVOKING Spit Poison.
   850 | D:2      | 850 ||| INVOKING Spit Poison.
   851 | D:2      | Reached skill level 3 in Fighting
   882 | D:2      | 882 ||| INVOKING Spit Poison.
   887 | D:2      | 887 ||| INVOKING Spit Poison.
   977 | D:2      | 977 ||| INVOKING Spit Poison.
   978 | D:2      | 978 ||| INVOKING Spit Poison.
   979 | D:2      | Reached XP level 5. HP: 49/49 MP: 5/5
  1026 | D:2      | 1026 ||| INVOKING Spit Poison.
  1031 | D:2      | 1031 ||| INVOKING Spit Poison.
  1036 | D:2      | 1036 ||| INVOKING Spit Poison.
  1041 | D:2      | 1041 ||| INVOKING Spit Poison.
  1149 | D:2      | 1149 ||| INVOKING Spit Poison.
  1209 | D:2      | 1209 ||| DRINKING 2 emerald potions.
  1263 | D:3      | 1263 ||| INVOKING Spit Poison.
  1264 | D:3      | Noticed Robin
  1269 | D:3      | 1269 ||| STAIRDANCE
  1302 | D:3      | 1302 ||| STAIRDANCE
  1304 | D:2      | 1304 ||| INVOKING Spit Poison.
  1307 | D:2      | 1307 ||| INVOKING Spit Poison.
  1389 | D:3      | 1389 ||| INVOKING Spit Poison.
  1391 | D:3      | 1391 ||| STAIRDANCE
  1395 | D:2      | 1395 ||| INVOKING Spit Poison.
  1395 | D:2      | Killed Robin
  1395 | D:2      | HP: 12/49 [orc/+0 flail (3)]
  1396 | D:2      | 1396 ||| DRINKING potion of heal wounds.
  1398 | D:2      | 1398 ||| INVOKING Spit Poison.
  1400 | D:2      | HP: 7/49 [orc/+0 flail (8)]
  1401 | D:2      | 1401 ||| INVOKING Spit Poison.
  1551 | D:2      | 1551 ||| UPGRADING to +1 helmet.
  1559 | D:3      | 1559 ||| INVOKING Spit Poison.
  1562 | D:3      | 1562 ||| STAIRDANCE
  1564 | D:2      | 1564 ||| INVOKING Spit Poison.
  1611 | D:3      | 1611 ||| INVOKING Spit Poison.
  1614 | D:3      | 1614 ||| INVOKING Spit Poison.
  1634 | D:3      | 1634 ||| INVOKING Spit Poison.
  1666 | D:3      | 1666 ||| INVOKING Spit Poison.
  1673 | D:3      | 1673 ||| INVOKING Spit Poison.
  1695 | D:3      | 1695 ||| INVOKING Spit Poison.
  1701 | D:3      | 1701 ||| INVOKING Spit Poison.
  1712 | D:3      | 1712 ||| INVOKING Spit Poison.
  1784 | D:3      | Found a broken altar of Ashenzari.
  1871 | D:3      | 1871 ||| INVOKING Spit Poison.
  1983 | D:3      | You fall into a shaft and drop 1 floor!
  1984 | D:4      | 1984 ||| DROPPING ring of flight.
  1985 | D:4      | 1985 ||| DROPPING ring of wizardry.
  1986 | D:4      | 1986 ||| READING scroll labelled YXTUASTR XENA.
  1992 | D:4      | 1992 ||| READING scroll labelled YLUPOI VUFFATA.
  1993 | D:4      | 1993 ||| DRINKING 3 bubbling puce potions.
  2035 | D:4      | 2035 ||| DRINKING 3 red potions.
  2036 | D:4      | 2036 ||| DRINKING 2 clear potions.
  2037 | D:4      | 2037 ||| DROPPING 2 potions of lignification.
  2038 | D:4      | 2038 ||| DROPPING potion of attraction.
  2040 | D:4      | 2040 ||| INVOKING Spit Poison.
  2100 | D:3      | 2100 ||| INVOKING Spit Poison.
  2103 | D:3      | 2103 ||| INVOKING Spit Poison.
  2108 | D:3      | Reached skill level 6 in Ranged Weapons
  2175 | D:3      | 2175 ||| INVOKING Spit Poison.
  2209 | D:3      | 2209 ||| READING scroll labelled BYIGILU PELE.
  2256 | D:4      | 2256 ||| INVOKING Spit Poison.
  2260 | D:4      | Reached XP level 6. HP: 56/56 MP: 6/6
  2292 | D:4      | 2292 ||| INVOKING Spit Poison.
  2297 | D:4      | Noticed a black bear
  2300 | D:4      | 2300 ||| INVOKING Spit Poison.
  2303 | D:4      | Killed a black bear
  2350 | D:4      | 2350 ||| READING scroll of enchant weapon.
  2350 | D:4      | 2350 ||| ENCHANTING +2 shortbow of flaming.
  2381 | D:4      | 2381 ||| INVOKING Spit Poison.
  2383 | D:4      | Found a sacrificial altar of Ru.
  2392 | D:4      | Found an ornate altar of the Wu Jian Council.
  2429 | D:4      | Found a blossoming altar of Fedhas.
  2431 | D:4      | 2431 ||| INVOKING Spit Poison.
  2434 | D:4      | Reached XP level 7. HP: 66/66 MP: 7/7
  2452 | D:4      | 2452 ||| INVOKING Spit Poison.
  2547 | D:4      | Found a runed translucent door.
  2549 | D:4      | Noticed qw's ghost (amateur GrFi)
  2563 | D:4      | 2563 ||| READING scroll of enchant weapon.
  2563 | D:4      | 2563 ||| ENCHANTING +3 shortbow of flaming.
  2582 | D:4      | 2582 ||| INVOKING Spit Poison.
  2619 | D:4      | 2619 ||| INVOKING Spit Poison.
  2621 | D:4      | Reached skill level 7 in Ranged Weapons
  2637 | D:4      | 2637 ||| INVOKING Spit Poison.
  2663 | D:4      | 2663 ||| INVOKING Spit Poison.
  2668 | D:4      | 2668 ||| Stepping ~*~*~tactically~*~*~ (outnumbered).
  2669 | D:4      | 2669 ||| INVOKING Spit Poison.
  2675 | D:4      | 2675 ||| INVOKING Spit Poison.
  2847 | D:4      | 2847 ||| INVOKING Spit Poison.
  2854 | D:4      | 2854 ||| INVOKING Spit Poison.
  2855 | D:4      | HP: 13/66 [gnoll/+0 spear[a gnoll sergeant] (4)]
  2857 | D:4      | HP: 5/66 [gnoll/+0 spear[a gnoll sergeant] (2)]
  2858 | D:4      | Mangled by a gnoll sergeant

Levels and vault maps discovered:
D:1:      minmay_arrival_statue_studded, layout_rooms,
          hellmonk_ecumenical_altar_zigzags,
          hangedman_abyss_or_decor_lesser_grid, nicolae_titane
D:2:      layout_loops_ring, serial_glass, glass_columns_a, glass_columns_a,
          basic_altar
D:3:      cheibrodos_pilgrimage, layout_rooms, overflow_temple_1_default,
          kennysheep_generic_room_8, uniq_robin
D:4:      layout_basic, kennysheep_little_box, nicolae_overflow_hidden_temple,
          ebering_ghost_sewer_f, kennysheep_cluttered_room, lightli_minifort

Skill      XL: |  1  2  3  4  5  6  7 |
---------------+----------------------+-----
Ranged Weapons | 4 5 6 7 |  7.1
Fighting       | 3 4 |  4.5
Dodging        | 2 |  2.0
Stealth        | |  1.5

Action                     |  1- 3 |  4- 6 |  7- 9 || total
---------------------------+-------+-------+-------++-------
   Fire: Shortbow          |    57 |   101 |    29 ||   187
Ability: Spit Poison       |    19 |    41 |     9 ||    69
    Use: Scroll            |     6 |     4 |     1 ||    11
         Potion            |     1 |     5 |       ||     6
 Armour: Leather armour    |     6 |    26 |     4 ||    36
  Dodge: Dodged            |    12 |    56 |    17 ||    85

Table legend:
 A = Non-vault XP
 B = Vault XP
 C = Vault XP percentage of total XP
 D = Non-vault monster count
 E = Vault monster count
 F = Vault count percentage of total count
                 A         B        C        D         E       F
            +---------+---------+-------+---------+---------+-------
      Total |     833 |     121 |  12.7 |      72 |      21 |  22.6
            +---------+---------+-------+---------+---------+-------
        D:1 |      24 |       0 |   0.0 |      15 |       0 |   0.0
        D:2 |     161 |      40 |  19.9 |      29 |      12 |  29.3
        D:3 |      32 |      53 |  62.4 |      13 |       7 |  35.0
        D:4 |     616 |      28 |   4.3 |      15 |       2 |  11.8
            +---------+---------+-------+---------+---------+-------
